 Dungeon Crawl Stone Soup version 0.29.0-5-ge4962eb29e (webtiles) character file.

Game seed: 9689818763386141955

77 Flugkiller the Trooper (level 4, -2/41 HPs)
             Began as a Minotaur Fighter on Aug 29, 2022.
             Slain by Pikel
             ... wielding a +1 whip of freezing
              (8 damage)
             ... on level 4 of the Dungeon.
             The game lasted 00:00:52 (2687 turns).

Flugkiller the Trooper (Minotaur Fighter)           Turns: 2687, Time: 00:00:52

Health: -2/41      AC:  8    Str: 20    XL:     4   Next: 13%
Magic:  3/3        EV:  9    Int:  5    God:
Gold:   172        SH:  4    Dex: 12    Spells: 3/3 levels left

rFire   . . .      SeeInvis .   a - +0 war axe
rCold   . . .      Faith    .   c - +0 buckler
rNeg    . . .      Spirit   .   b - +0 scale mail
rPois   .          Reflect  .   (helmet restricted)
rElec   .          Harm     .   (no cloak)
rCorr   .          Rampage  .   (no gloves)
Will    .....                   k - +0 pair of boots
Stlth   ..........              (no amulet)
HPRegen 0.13/turn               (no ring)
MPRegen 0.08/turn               (no ring)

@: mighty
A: horns 2, retaliatory headbutt
a: no special abilities


You were on level 4 of the Dungeon.
You visited 1 branch of the dungeon, and saw 4 of its levels.

You collected 172 gold pieces.

Inventory:

Hand Weapons
 a - a +0 war axe (weapon)
Armour
 b - a +0 scale mail (worn)
 c - a +0 buckler (worn)
 k - a +0 pair of boots (worn)
   (You found it on level 1 of the Dungeon)
Jewellery
 o - an amulet of faith
   (You found it on level 3 of the Dungeon)
Scrolls
 e - 4 scrolls of identify {unknown}
 g - a scroll of enchant weapon {unknown}
 j - a scroll of fear {unknown}
 l - a scroll of blinking {unknown}
 m - 2 scrolls of vulnerability {unknown}
 n - a scroll of poison {unknown}
 p - a scroll of summoning {unknown}
Potions
 d - a potion of might
 h - 4 potions of heal wounds {unknown}
 i - a potion of attraction {unknown}
 q - a potion of resistance {unknown}


   Skills:
 + Level 4.3 Fighting
 * Level 4.2 Axes
 + Level 4.3 Armour
 - Level 3.6 Shields


You had 3 spell levels left.
You didn't know any spells.
Your spell library was empty.

Dungeon Overview and Level Annotations

Branches:
Dungeon (4/15)
 Temple: D:4-7

Altars:

Annotations:
D:4 Pikel


Innate Abilities, Weirdness & Mutations

You have a pair of horns on your head.
You reflexively headbutt those who attack you in melee.


Message History

Done exploring.
(D) Dungeon
Where to? (Enter - D:3, ? - help)
You see here a +0 ring mail.
You open the door.
There is an open door here.
There is a stone staircase leading down here.
You climb downwards.
There is a stone staircase leading up here.
Unknown command.
Found a stone staircase leading down.
q - a smoky amethyst potion A lemure comes into view.
The lemure shouts!
You hear a shout!
An endoplasm comes into view.
The endoplasm quivers.
A lemure comes into view.
The lemure shouts!
The lemure hits you but does no damage.
A lemure comes into view. x2
Pikel, Merchant of Souls comes into view.
He is wielding a +1 whip of freezing.
You closely miss the lemure.
Pikel shouts!
The lemure shouts!
The lemure hits you.
You hit the lemure but do no damage. You hit the endoplasm.
You block the endoplasm's attack. The lemure barely misses you.
You furiously retaliate!
You headbutt the lemure. You hit the endoplasm.
The endoplasm is severely wounded.
You hit the lemure but do no damage. The endoplasm barely misses you.
The lemure hits you.
Pikel says, "You'll rust in Dis!"
You slash the endoplasm!
You kill the endoplasm!
You closely miss the lemure. The lemure barely misses you. x2
You barely miss the lemure.
The lemure is lightly wounded.
You closely miss the lemure. The lemure barely misses you.
You furiously retaliate!
You headbutt the lemure, but do no damage.
The lemure barely misses you.
You hit the lemure.
The lemure is moderately wounded.
You hit the lemure but do no damage. The lemure hits you but does no damage.
You block the lemure's attack. The lemure barely misses you.
You hit the lemure.
The lemure is lightly wounded.
You hit Pikel. The lemure closely misses you. You furiously retaliate!
You headbutt the lemure.
Pikel hits you with a +1 whip of freezing.
Pikel freezes you.
You slash the lemure!
The lemure is heavily wounded.
You closely miss Pikel. The lemure barely misses you.
Pikel hits you with a +1 whip of freezing.
Pikel freezes you.
You miss the lemure.
The lemure is heavily wounded.
You closely miss Pikel. The lemure hits you! Pikel hits you but does no damage.
Pikel hits you with a +1 whip of freezing.
Pikel freezes you. The lemure hits you!
* * * LOW HITPOINT WARNING * * *
You are too injured to fight recklessly!
You are too injured to fight recklessly!
Unknown command.
Pikel attacks as you move away!
Pikel hits you with a +1 whip of freezing.
* * * LOW HITPOINT WARNING * * *
Pikel freezes you.
* * * LOW HITPOINT WARNING * * *
Pikel says, "You'll make a fine lemure."
It was a potion of curing.
You feel better. The lemure hits you but does no damage.
You feel very mighty all of a sudden. The lemure hits you.
* * * LOW HITPOINT WARNING * * *
You hit the lemure.
The lemure is severely wounded.
The lemure barely misses you.
You closely miss the lemure.
The lemure is severely wounded.
The lemure hits you but does no damage.
You closely miss the lemure. You headbutt the lemure.
The lemure is almost dead.
The lemure hits you but does no damage.
You barely miss Pikel.
Pikel is lightly wounded.
You block Pikel's attack.
You closely miss Pikel.
Pikel is lightly wounded.
Pikel cracks his whip.
Pikel hits you with a +1 whip of freezing.
* * * LOW HITPOINT WARNING * * *
Pikel freezes you.
* * * LOW HITPOINT WARNING * * *
Pikel closely misses you.
You miss Pikel.
Pikel is lightly wounded.
Pikel hits you with a +1 whip of freezing!
You die...

. #### ... ..#
....### #.#
....555##.##
#5K@..#
####..#####
#......#####
#.##.......#
##+##.......##
#............#
#....###.###+#####
#....##..........#
#....##..........#


You could see Pikel and 4 lemures.

Vanquished Creatures
  A hound (D:3)
  A worm (D:2)
  A dart slug (D:1)
  8 ball pythons
  5 endoplasms
  2 giant cockroaches (D:2)
  A goblin (D:2)
  7 hobgoblins
  5 kobolds
  2 quokkas (D:3)
  A bat (D:1)
  2 frilled lizards
  3 rats
39 creatures vanquished.

Notes
Turn   | Place    | Note
-------+----------+-------------------------------------------
     0 | D:1      | Flugkiller the Minotaur Fighter began the quest for the
                  | Orb.
     0 | D:1      | Reached XP level 1. HP: 19/19 MP: 0/0
   296 | D:1      | Found a faded altar of an unknown god.
   494 | D:1      | Reached XP level 2. HP: 25/27 MP: 1/1
  1317 | D:2      | Identified the +7 dagger of the Six Olives {chaos, Int+7}
  1405 | D:2      | Reached XP level 3. HP: 33/33 MP: 2/2
  1902 | D:3      | Reached XP level 4. HP: 33/41 MP: 3/3
  2666 | D:4      | Noticed a lemure
  2668 | D:4      | Noticed a lemure
  2669 | D:4      | Noticed a lemure
  2669 | D:4      | Noticed a lemure
  2670 | D:4      | Noticed Pikel
  2687 | D:4      | Slain by Pikel

Illustrated notes

Levels and vault maps discovered:
D:1:      tarquinn_simple_flora_water_e, layout_loops_ring,
          shapermc_ecumenical_altar_mp_highgroup
D:2:      layout_loops_cross, minmay_between
D:3:      layout_loops_corners
D:4:      layout_basic, xom_confusion_cloud, nicolae_overflow_hidden_temple,
          kennysheep_generic_room_12, uniq_pikel

Skill      XL: |  1  2  3 |
---------------+----------+-----
Axes           | 3 4 |  4.2
Fighting       | 4 |  4.3
Armour         | 4 |  4.3
Shields        | |  3.6

Action                   |  1- 3 |  4- 6 || total
-------------------------+-------+-------++-------
Melee: War axe           |    64 |    29 ||    93
       Headbutt          |     7 |     4 ||    11
  Use: Potion            |       |     2 ||     2
Armor: Scale mail        |    30 |    12 ||    42
Dodge: Dodged            |    25 |    23 ||    48
Block: Buckler           |    13 |     6 ||    19
